[Event "December 19 Early 2023"]
[Site "https://www.chess.com"]
[Date "2023.12.19"]
[Round "3"]
[White "Saravana, Krishnan P."]
[Black "Balint, Vilmos"]
[Result "0-1"]
[Board "132"]
[TimeControl "180+1"]
[WhiteFideId "5018382"]
[BlackFideId "718050"]
[WhiteElo "2167"]
[BlackElo "2139"]
[WhiteTeam "IND"]
[BlackTeam "HUN"]
[WhiteClock "0:00:09"]
[BlackClock "0:01:44"]

1. e4 e6 2. d4 d5 3. Nd2 c5 4. Ngf3 cxd4 5. Nxd4 Nc6 6. Bb5 Bd7 7. Nxc6 bxc6 8. Bd3 Bc5 9. O-O Qh4 10. Nf3 Qh5 11. c4 Nf6 12. cxd5 cxd5 13. e5 Ng4 14. Bf4 g5 15. Bg3 Rb8 16. Rc1 Bb6 17. Be2 Qg6 18. Bd3 Qg7 19. Qd2 Rg8 20. a4 h5 21. a5 Bd8 22. h3 Nh6 23. Rc5 g4 24. hxg4 Nxg4 25. Rfc1 Nxf2 26. Qxf2 Qxg3 27. Qxg3 Rxg3 28. Kf2 Rg4 29. R1c2 Rgb4 30. Be2 Rxb2 31. Nd4 h4 32. a6 Rxc2 33. Rxc2 Bb6 34. Ke3 Rc8 35. Rxc8+ Bxc8 36. Kd3 Bxa6+ 37. Kc3 Bxd4+ 0-1

[Event "December 19 Early 2023"]
[Site "https://www.chess.com"]
[Date "2023.12.19"]
[Round "3"]
[White "Fonseca Manrique, Enrique"]
[Black "Melian, Juan Sebastian"]
[Result "0-1"]
[Board "133"]
[TimeControl "180+1"]
[WhiteFideId "5114330"]
[BlackFideId "3706575"]
[WhiteElo "2133"]
[BlackElo "2098"]
[WhiteTeam "MEX"]
[BlackTeam "PAR"]
[WhiteClock "0:00:00"]
[BlackClock "0:00:07"]

1. e4 c5 2. Nf3 e6 3. d4 cxd4 4. Nxd4 a6 5. c4 Nf6 6. Nc3 Qc7 7. Be2 Bb4 8. Qd3 Nc6 9. Nc2 Be7 10. O-O O-O 11. Bg5 d6 12. Rad1 b6 13. Qg3 Kh8 14. f4 Bb7 15. Bd3 h6 16. Qh4 Ng8 17. Bxe7 Qxe7 18. Qf2 Qc7 19. Rd2 Rad8 20. Rfd1 Nf6 21. Be2 Na5 22. Rd4 e5 23. fxe5 dxe5 24. Rxd8 Rxd8 25. Rxd8+ Qxd8 26. Qe3 Qd6 27. Nd5 Nd7 28. b4 Bxd5 29. exd5 Nb7 30. a3 Kh7 31. h3 g6 32. Ne1 Kg7 33. Nd3 f5 34. g4 a5 35. gxf5 gxf5 36. Qg3+ Qg6 37. Kf2 Qxg3+ 38. Kxg3 Kf6 39. Kf3 axb4 40. Nxb4 Nd6 41. Ke3 Nc5 42. Nc6 f4+ 43. Kf3 Nce4 44. Bd3 Nd2+ 45. Ke2 N2xc4 46. Kf3 Nd2+ 47. Ke2 Nb3 48. Kf3 Nc5 49. Bc2 Nd7 50. Nb4 Nc5 51. Nc6 Ncb7 52. Nb4 Nd8 53. Nc6 N8f7 54. h4 h5 55. Nb4 Nh6 56. Nc6 Ng4 57. Nd8 Ne3 58. Bd3 Nxd5 59. Nc6 Nc3 60. Nb4 e4+ 61. Kxf4 exd3 62. Nxd3 Nd5+ 63. Kf3 Ke6 64. Ne1 Kf5 65. Ng2 Nc4 66. Ne1 Ne5+ 67. Kf2 Ke4 68. Nc2 Nd3+ 69. Ke2 N3f4+ 70. Kf2 Ng6 71. Kg3 Ne3 72. Nb4 Nf5+ 73. Kh3 Ngxh4 74. Nc6 Nf3 75. Nb8 Ng5+ 76. Kh2 Kf4 77. Nd7 Nf3+ 78. Kh3 Ng5+ 79. Kh2 h4 80. Nxb6 Kg4 81. Nc4 Nf3+ 82. Kg2 h3+ 83. Kf2 h2 84. Kg2 Ng3 85. Ne3+ Kh4 0-1

[Event "December 19 Early 2023"]
[Site "https://www.chess.com"]
[Date "2023.12.19"]
[Round "3"]
[White "Rojas Alarcon, Julian Antonio"]
[Black "Ozcan, Kaan"]
[Result "1-0"]
[Board "134"]
[TimeControl "180+1"]
[WhiteFideId "5107407"]
[BlackFideId "34566422"]
[WhiteElo "2340"]
[BlackElo "2153"]
[WhiteTeam "MEX"]
[BlackTeam "TUR"]
[WhiteClock "0:00:35"]
[BlackClock "0:00:00"]

1. d4 Nf6 2. c4 e6 3. Nc3 d5 4. Nf3 a6 5. cxd5 exd5 6. Bf4 Bd6 7. Bg3 O-O 8. e3 b5 9. Bd3 Re8 10. Rc1 Bg4 11. O-O Bxg3 12. hxg3 Nbd7 13. Be2 Rc8 14. a4 b4 15. Nb1 a5 16. Nbd2 c5 17. dxc5 Nxc5 18. Bb5 Re7 19. Nb3 Nxb3 20. Qxb3 Bxf3 21. gxf3 Rec7 22. Rcd1 Qe7 23. Rd2 Qe5 24. Rfd1 h5 25. Ba6 Ra8 26. Bf1 h4 27. g4 Qg5 28. Bg2 Rac8 29. Qd3 Qh6 30. Kh2 Qg5 31. Qd4 Rc4 32. Qb6 R4c5 33. Bh3 R8c6 34. Qa7 Rc7 35. Qb8+ Rc8 36. Qf4 Qxf4+ 37. exf4 Ra8 38. g5 Nh5 39. f5 Rd8 40. Bg4 g6 41. Bxh5 gxh5 42. Rd4 Rc2 43. R1d2 Rxd2 44. Rxd2 Kg7 45. Kh3 d4 46. Kxh4 Rd5 47. Kxh5 Rxf5 48. Kg4 Rd5 49. f4 Kg6 50. Rd3 f6 51. gxf6 Kxf6 52. f3 Rd6 53. b3 Rd5 54. f5 1-0

[Event "December 19 Early 2023"]
[Site "https://www.chess.com"]
[Date "2023.12.19"]
[Round "3"]
[White "Kiselev, Pavel"]
[Black "Kokoszczynski, Jan"]
[Result "0-1"]
[Board "135"]
[TimeControl "180+1"]
[WhiteFideId "4191102"]
[BlackFideId "1174460"]
[WhiteElo "2145"]
[BlackElo "2266"]
[WhiteTeam "RUS"]
[BlackTeam "POL"]
[WhiteClock "0:01:42"]
[BlackClock "0:01:46"]

1. Nf3 Nf6 2. d4 g6 3. c4 Bg7 4. Nc3 O-O 5. e4 d6 6. h3 e5 7. d5 Na6 8. Bd3 Nc5 9. Bc2 a5 10. Be3 Nh5 11. g3 Bd7 12. Qe2 Qc8 13. g4 Nf4 14. Bxf4 exf4 15. Qd2 a4 16. a3 f5 17. exf5 gxf5 18. gxf5 Bxf5 19. Bxf5 Qxf5 20. O-O-O Nb3# 0-1

[Event "December 19 Early 2023"]
[Site "https://www.chess.com"]
[Date "2023.12.19"]
[Round "3"]
[White "Sipila, Vilka"]
[Black "Crispin Ferreras, Darvi Abraham"]
[Result "1-0"]
[Board "136"]
[TimeControl "180+1"]
[WhiteFideId "505455"]
[BlackFideId "6402771"]
[WhiteElo "2343"]
[BlackElo "2149"]
[WhiteTeam "FIN"]
[BlackTeam "DOM"]
[WhiteClock "0:00:54"]
[BlackClock "0:01:02"]

1. e4 e6 2. d4 d5 3. e5 c5 4. c3 Nc6 5. Nf3 Qb6 6. Bd3 Bd7 7. dxc5 Bxc5 8. O-O a5 9. Nbd2 Nge7 10. Nb3 Ng6 11. Nxc5 Qxc5 12. Be3 Qe7 13. Bxg6 hxg6 14. Re1 Rh5 15. Bf4 g5 16. Nd4 Rh8 17. Bg3 Nxd4 18. cxd4 Rc8 19. Qd2 b6 20. Rac1 Qb4 21. Qxg5 Rxc1 22. Rxc1 Qxb2 23. Bf4 Qxd4 24. Qxg7 Qxf4 25. Qxh8+ Ke7 26. Qf6+ Qxf6 27. exf6+ Kxf6 28. f4 Kf5 29. g3 Bb5 30. Rb1 Bc4 31. Rxb6 Bxa2 32. Ra6 Bc4 33. Rxa5 Ke4 34. Kf2 d4 35. Re5+ Kd3 36. h4 Kc3 37. h5 d3 38. Rc5 d2 39. Rxc4+ Kxc4 40. Ke2 Kc3 41. Kd1 Kd3 42. h6 1-0

[Event "December 19 Early 2023"]
[Site "https://www.chess.com"]
[Date "2023.12.19"]
[Round "3"]
[White "Fishchuk, Vladyslav"]
[Black "Marin Pincheira, Carlos"]
[Result "0-1"]
[Board "137"]
[TimeControl "180+1"]
[WhiteFideId "34122117"]
[BlackFideId "3407543"]
[WhiteElo "2055"]
[BlackElo "2080"]
[WhiteTeam "UKR"]
[BlackTeam "CHI"]
[WhiteClock "0:00:31"]
[BlackClock "0:00:14"]

1. Nc3 d5 2. e4 dxe4 3. Nxe4 Bf5 4. Qf3 Qd5 5. Nf6+ Nxf6 6. b3 Qe5+ 7. Ne2 Be4 8. Qc3 Nc6 9. d4 Qd5 10. f3 Bg6 11. Qd2 e6 12. Bb2 O-O-O 13. O-O-O Qa5 14. Qe3 Qxa2 15. Nc3 Qa5 16. Kb1 Ba3 17. Ba1 Nd5 18. Nxd5 exd5 19. Bd3 Rhe8 20. Qf4 Bd6 21. Qg4+ Kb8 22. Bxg6 hxg6 23. Bb2 Nb4 24. Rhe1 Qa2+ 25. Kc1 Nc6 26. h4 Ba3 27. Bxa3 Qxa3+ 28. Kd2 Qb4+ 29. Kc1 Rxe1 30. Rxe1 Qxe1+ 31. Kb2 Qe6 32. c3 Qxg4 0-1

[Event "December 19 Early 2023"]
[Site "https://www.chess.com"]
[Date "2023.12.19"]
[Round "3"]
[White "Manukian, Artak"]
[Black "Khodabandeh, Milad"]
[Result "1-0"]
[Board "138"]
[TimeControl "180+1"]
[WhiteFideId "13301373"]
[BlackFideId "12538620"]
[WhiteElo "2030"]
[BlackElo "1846"]
[WhiteTeam "ARM"]
[BlackTeam "IRI"]
[WhiteClock "0:01:04"]
[BlackClock "0:00:00"]

1. e4 e5 2. Nf3 Nc6 3. d4 exd4 4. Nxd4 Nf6 5. Nxc6 bxc6 6. e5 Qe7 7. Qe2 Nd5 8. c4 Ba6 9. b3 g6 10. g3 Bg7 11. Bb2 O-O 12. Bg2 Rae8 13. O-O Bxe5 14. Qxe5 Qxe5 15. Bxe5 Rxe5 16. cxd5 Bxf1 17. Kxf1 cxd5 18. Nc3 c6 19. Bf3 Rfe8 20. h4 f5 21. Rc1 Kf7 22. Na4 Ke7 23. Nc5 Kd6 24. Nd3 R5e7 25. b4 Rb8 26. a3 h6 27. Rc5 g5 28. hxg5 hxg5 29. Ra5 Rb7 30. Nc5 Rc7 31. Na6 Rb7 32. a4 g4 33. Be2 Rh7 34. Kg2 Re7 35. Kf1 Rh7 36. Bd3 Rh1+ 37. Kg2 Rh5 38. f4 Ke7 39. Rc5 Kd6 40. Rc1 Ke7 41. Re1+ Kd6 42. Re5 Rb6 43. b5 c5 44. Rxf5 Rxf5 45. Bxf5 d4 46. Bxg4 c4 47. Kf3 d3 48. Ke3 Kd5 49. Bxd7 Rd6 50. Bc6+ 1-0

[Event "December 19 Early 2023"]
[Site "https://www.chess.com"]
[Date "2023.12.19"]
[Round "3"]
[White "Silva, Pedro Gil Ferreira Da"]
[Black "Manukyan, Sargis A."]
[Result "0-1"]
[Board "139"]
[TimeControl "180+1"]
[WhiteFideId "1946102"]
[BlackFideId "13303970"]
[WhiteElo "2112"]
[BlackElo "2186"]
[WhiteTeam "POR"]
[BlackTeam "ARM"]
[WhiteClock "0:02:03"]
[BlackClock "0:02:10"]

1. c4 e6 2. Nf3 d5 3. g3 Nf6 4. Bg2 Be7 5. O-O O-O 6. b3 c5 7. Bb2 d4 8. e3 Nc6 9. exd4 cxd4 10. Re1 Bc5 11. d3 Re8 12. a3 a5 13. Ne5 Bd7 14. Nd2 Qc7 15. Nxd7 Nxd7 16. Ne4 Bf8 17. Bc1 h6 18. Bd2 f5 19. Qh5 fxe4 20. Bxe4 Nf6 21. Qg6 Nxe4 22. Rxe4 Qf7 23. Qg4 Qf5 24. Qe2 e5 25. f4 Re6 26. Rf1 Rae8 27. fxe5 Qg6 28. Rg4 Rxe5 29. Qxe5 Nxe5 0-1

[Event "December 19 Early 2023"]
[Site "https://www.chess.com"]
[Date "2023.12.19"]
[Round "3"]
[White "Trost, Edvin"]
[Black "Skibbe, Willi"]
[Result "1-0"]
[Board "140"]
[TimeControl "180+1"]
[WhiteFideId "1729519"]
[BlackFideId "4682190"]
[WhiteElo "2385"]
[BlackElo "2357"]
[WhiteTeam "SWE"]
[BlackTeam "GER"]
[WhiteClock "0:01:03"]
[BlackClock "0:00:09"]

1. e4 e6 2. Nc3 d5 3. d4 Nf6 4. e5 Nfd7 5. Nce2 c5 6. c3 Nc6 7. f4 Be7 8. Nf3 b5 9. g3 b4 10. Bh3 f5 11. exf6 Nxf6 12. O-O Qb6 13. Be3 O-O 14. Ng5 Nd8 15. dxc5 Bxc5 16. Bxc5 Qxc5+ 17. Qd4 Qxd4+ 18. Nxd4 bxc3 19. bxc3 e5 20. fxe5 Bxh3 21. Nxh3 Ne4 22. Nf4 Nxc3 23. Rac1 Nxa2 24. Rc7 Nb4 25. e6 Re8 26. e7 Nf7 27. Nfe6 a5 28. Rb7 Nd3 29. Rb3 Nde5 30. Nc7 a4 31. Ra3 Nc4 32. Raf3 Nfe5 33. Rf5 Ne3 34. Nxe8 Nxf1 35. Rf8# 1-0

[Event "December 19 Early 2023"]
[Site "https://www.chess.com"]
[Date "2023.12.19"]
[Round "3"]
[White "Santos, Rafael Ventura Dos"]
[Black "Novikov, Evgenij"]
[Result "1-0"]
[Board "141"]
[TimeControl "180+1"]
[WhiteFideId "2122227"]
[BlackFideId "4125380"]
[WhiteElo "2138"]
[BlackElo "2242"]
[WhiteTeam "BRA"]
[BlackTeam "RUS"]
[WhiteClock "0:00:19"]
[BlackClock "0:00:00"]

1. e4 c5 2. c4 Nc6 3. Ne2 e5 4. g3 h5 5. h3 h4 6. g4 Nge7 7. Bg2 g5 8. d3 Ng6 9. Nbc3 Bd6 10. Be3 O-O 11. Nd5 f6 12. O-O b6 13. a3 Nd4 14. b4 Bb7 15. Nec3 Kg7 16. Rb1 Bc6 17. b5 Bb7 18. a4 Ne6 19. Qd2 Nef4 20. Rb2 Nxg2 21. Kxg2 Nf4+ 22. Bxf4 exf4 23. f3 Be5 24. Rb3 d6 25. Re1 Qd7 26. Qa2 Qf7 27. a5 bxa5 28. Qxa5 a6 29. b6 Rac8 30. Qa2 Bd4 31. Qc2 Be5 32. Qe2 Qd7 33. Reb1 Rf7 34. Qd2 Qc6 35. Qa2 Bd4 36. Qa4 Qd7 37. Qxd7 Rxd7 38. Ra3 Kf7 39. Rbb3 Ke6 40. Nc7+ Ke5 41. N3d5 1-0

[Event "December 19 Early 2023"]
[Site "https://www.chess.com"]
[Date "2023.12.19"]
[Round "3"]
[White "Shubenkova, Veronika"]
[Black "Borawski, Jakub"]
[Result "1-0"]
[Board "142"]
[TimeControl "180+1"]
[WhiteFideId "44124040"]
[BlackFideId "1143000"]
[WhiteElo "1967"]
[BlackElo "2052"]
[WhiteTeam "RUS"]
[BlackTeam "POL"]
[WhiteClock "0:00:04"]
[BlackClock "0:00:00"]

1. d4 Nf6 2. e3 e6 3. f4 b6 4. Nf3 Bb7 5. c3 Ne4 6. Bd3 d6 7. O-O Nd7 8. Qc2 f5 9. Nbd2 Ndf6 10. b3 Be7 11. Bb2 O-O 12. c4 c5 13. Rad1 Rc8 14. Ba1 h6 15. Qb2 Rf7 16. Bb1 Ng4 17. Rde1 Bh4 18. Re2 Be7 19. Nxe4 Bxe4 20. Bxe4 fxe4 21. Nd2 d5 22. h3 Nf6 23. f5 exf5 24. Rxf5 dxc4 25. Nxc4 cxd4 26. exd4 b5 27. Ne5 Rf8 28. Ng6 Re8 29. d5 Qd7 30. Re5 Bd6 31. Rxe8+ Rxe8 32. Rf2 Bc5 33. Qc2 Qxd5 34. Bxf6 gxf6 35. b4 Bd4 36. Nf4 Bxf2+ 37. Qxf2 Qg5 38. Qe3 f5 39. Qb3+ Kh8 40. Qf7 Rg8 41. Qc7 e3 42. Qe5+ Rg7 43. Qxe3 Kh7 44. Qf3 Re7 45. Nd5 Rd7 46. Ne3 f4 47. Ng4 Re7 48. Qd3+ Kg7 49. Qc3+ Kh7 50. Nf6+ Kg7 51. Nd7+ Kh7 52. Nf6+ Kg7 53. Ng4+ Kh7 54. Qd3+ Qg6 55. Qd4 Qg7 56. Qd3+ Qg6 57. Qxb5 Kg7 58. Qc5 Rf7 59. Qd4+ Kh7 60. Ne5 Qg7 61. Qe4+ Kh8 62. Nxf7+ Qxf7 63. a4 Qc7 64. Qd4+ Kh7 65. a5 Qe7 66. Qd3+ Kh8 67. Qd2 1-0

[Event "December 19 Early 2023"]
[Site "https://www.chess.com"]
[Date "2023.12.19"]
[Round "3"]
[White "Novoselov, Roman"]
[Black "Gruzman, Ilya"]
[Result "1-0"]
[Board "143"]
[TimeControl "180+1"]
[WhiteFideId "4135067"]
[BlackFideId "2812703"]
[WhiteElo "2250"]
[BlackElo "1986"]
[WhiteTeam "RUS"]
[BlackTeam "ISR"]
[WhiteClock "0:00:04"]
[BlackClock "0:00:03"]

1. d4 Nf6 2. Bg5 d5 3. Bxf6 exf6 4. Nf3 c6 5. Nbd2 Bd6 6. e4 dxe4 7. Nxe4 Be6 8. Bd3 Be7 9. O-O Nd7 10. Re1 O-O 11. c4 Nb6 12. Qc2 g6 13. Rad1 f5 14. Nc5 Bxc5 15. dxc5 Nd7 16. b4 a5 17. a3 axb4 18. axb4 Qf6 19. Bf1 Ra3 20. Rd6 Qg7 21. Nd4 Nf6 22. Nxe6 fxe6 23. Rdxe6 Ne4 24. Bd3 Qd4 25. Bxe4 fxe4 26. R6xe4 Ra1 27. h3 Qf6 28. Rxa1 Qxa1+ 29. Kh2 Qf6 30. f3 Qf7 31. b5 Qc7+ 32. Kg1 Qg3 33. Qe2 cxb5 34. cxb5 Qc7 35. Rc4 Rd8 36. c6 Qb6+ 37. Kh2 Qxb5 38. Qe6+ Kg7 39. c7 Rf8 40. c8=Q Rxc8 41. Rxc8 Kh6 42. Qe3+ g5 43. Rc5 1-0

[Event "December 19 Early 2023"]
[Site "https://www.chess.com"]
[Date "2023.12.19"]
[Round "3"]
[White "Napoli, Nicolo"]
[Black "Aswath, S"]
[Result "0-1"]
[Board "145"]
[TimeControl "180+1"]
[WhiteFideId "813702"]
[BlackFideId "46694919"]
[WhiteElo "2306"]
[BlackElo "2138"]
[WhiteTeam "ITA"]
[BlackTeam "IND"]
[WhiteClock "0:00:02"]
[BlackClock "0:00:15"]

1. e4 c5 2. Nf3 d6 3. Bb5+ Nd7 4. c3 Nf6 5. Bd3 Qc7 6. O-O g6 7. Bc2 c4 8. d4 cxd3 9. Bxd3 Bg7 10. Be3 O-O 11. Nbd2 h6 12. Nb3 d5 13. exd5 Nxd5 14. Qd2 Nxe3 15. Qxe3 Nf6 16. Nbd4 Nd5 17. Qd2 e5 18. Nb5 Qb6 19. a4 Nf4 20. Bc4 Bg4 21. Qe3 Qc6 22. b3 a6 23. Na3 h5 24. Rfe1 Bh6 25. Qe4 Nh3+ 26. gxh3 Bxf3 27. Qxc6 Bxc6 28. Rxe5 Bg7 29. Re7 Bxc3 30. Rd1 Bb4 31. Nc2 Bxe7 0-1

[Event "December 19 Early 2023"]
[Site "https://www.chess.com"]
[Date "2023.12.19"]
[Round "3"]
[White "Spata, German"]
[Black "Buscar, Michael"]
[Result "1-0"]
[Board "146"]
[TimeControl "180+1"]
[WhiteFideId "113026"]
[BlackFideId "2603616"]
[WhiteElo "2260"]
[BlackElo "2010"]
[WhiteTeam "ARG"]
[BlackTeam "CAN"]
[WhiteClock "0:00:16"]
[BlackClock "0:00:13"]

1. Nf3 Nf6 2. e3 b6 3. g3 Bb7 4. Bg2 e6 5. b3 c5 6. Bb2 Be7 7. O-O O-O 8. c4 d6 9. Nc3 Nbd7 10. Qe2 Ne4 11. Rad1 Bf6 12. d4 Nxc3 13. Bxc3 cxd4 14. Bxd4 Qc7 15. Qb2 Rfd8 16. Rd2 d5 17. cxd5 Bxd5 18. Rc1 Qb7 19. Ne1 Bxg2 20. Nxg2 Rdc8 21. Rcd1 Bxd4 22. Qxd4 Nf8 23. Nf4 Qe7 24. h4 Rc7 25. Nh5 e5 26. Qd6 Qxd6 27. Rxd6 f6 28. g4 Rac8 29. Ng3 Rc2 30. R6d2 Kf7 31. Nf5 Rxd2 32. Rxd2 Rc1+ 33. Kg2 Rc7 34. Kf3 Rd7 35. Rc2 g6 36. Ng3 Ne6 37. Ne4 Ke7 38. b4 Rc7 39. Rxc7+ Nxc7 40. Nc3 Kd6 41. Ke4 Ke6 42. a3 f5+ 43. gxf5+ gxf5+ 44. Kd3 Kd6 45. Kc4 Kc6 46. a4 a6 47. f3 Kd6 48. b5 axb5+ 49. Nxb5+ Kc6 50. Nxc7 Kxc7 51. Kd5 e4 52. fxe4 fxe4 53. Kxe4 Kc6 54. Kd4 b5 55. axb5+ 1-0

[Event "December 19 Early 2023"]
[Site "https://www.chess.com"]
[Date "2023.12.19"]
[Round "3"]
[White "Shadhursshaan R"]
[Black "Bettalli, Francesco"]
[Result "0-1"]
[Board "147"]
[TimeControl "180+1"]
[WhiteFideId "45024138"]
[BlackFideId "2816453"]
[WhiteElo "1760"]
[BlackElo "2226"]
[WhiteTeam "IND"]
[BlackTeam "ITA"]
[WhiteClock "0:00:19"]
[BlackClock "0:01:04"]

1. d4 Nf6 2. c4 c5 3. d5 a6 4. Nc3 b5 5. cxb5 axb5 6. Nxb5 Qa5+ 7. Nc3 g6 8. Nf3 Bg7 9. Bd2 O-O 10. e4 Ba6 11. e5 Ne8 12. Bxa6 Qxa6 13. Qe2 Nc7 14. Qxa6 Nbxa6 15. O-O Rfb8 16. Rab1 Nb4 17. d6 exd6 18. exd6 Ne8 19. a3 Nd3 20. Be3 Nxd6 21. Rfd1 c4 22. b4 Bxc3 23. Bc5 Nxc5 24. Rxd6 Rxa3 25. h3 Bxb4 26. Nd4 c3 27. Nc2 Rb3 28. Rxb3 Nxb3 29. Rxd7 Bf8 30. Rc7 Bg7 31. Ne3 Nd4 32. g3 h5 33. Kg2 Rb2 34. Rxc3 Kh7 35. Rc7 Kg8 36. Rc8+ Bf8 37. Nd5 Kg7 38. Nc7 Ne6 39. Ne8+ Kh6 40. Nf6 Bc5 41. Ne4 Bd4 42. h4 f5 43. Nd6 Rxf2+ 44. Kh1 f4 45. gxf4 Rxf4 46. Re8 Rxh4+ 47. Kg2 Rg4+ 48. Kf1 Nf4 49. Ke1 h4 50. Kd2 h3 51. Re7 Rg2+ 52. Ke1 Bc3+ 53. Kf1 h2 54. Nf7+ Kh5 0-1

[Event "December 19 Early 2023"]
[Site "https://www.chess.com"]
[Date "2023.12.19"]
[Round "3"]
[White "TitarovVasiliYouTube"]
[Black "Nechitaylo, Nikita"]
[Result "1-0"]
[Board "148"]
[TimeControl "180+1"]
[BlackFideId "34138161"]
[WhiteElo "2581"]
[BlackElo "2049"]
[BlackTeam "UKR"]
[WhiteClock "0:00:09"]
[BlackClock "0:00:04"]

1. e4 c5 2. Nf3 d6 3. d4 cxd4 4. Nxd4 Nf6 5. Nc3 Nc6 6. Be2 g6 7. O-O Bg7 8. Nb3 O-O 9. Re1 Be6 10. Bf1 Rc8 11. Bg5 h6 12. Bh4 g5 13. Bg3 d5 14. exd5 Nxd5 15. Nxd5 Qxd5 16. c3 Rfd8 17. Qxd5 Bxd5 18. Rad1 e5 19. h4 Kf8 20. hxg5 hxg5 21. f3 f5 22. Bf2 b6 23. Ba6 Rc7 24. Rd2 Bf7 25. Red1 Ke7 26. Bb5 Rxd2 27. Rxd2 Nb8 28. Be3 Be6 29. Bxg5+ Kf7 30. Rd8 Nc6 31. Rd6 Na5 32. Nxa5 bxa5 33. Be8+ Kxe8 34. Rxe6+ Kf7 35. Ra6 Rb7 36. b3 e4 37. fxe4 Bxc3 38. exf5 Kg7 39. g4 Rb4 40. Rg6+ Kf7 41. Bc1 Bd4+ 42. Kf1 Rxb3 43. axb3 a4 44. bxa4 a5 45. Ra6 Bc3 46. Ke2 Bb4 47. Kf3 Ke7 48. Bf4 Kf7 49. g5 Kg7 50. g6 Bc3 51. Kg4 Bf6 52. Bg5 Be5 53. Ra7+ Kf8 54. Ra6 Bd4 55. f6 Kg8 56. Ra8# 1-0

[Event "December 19 Early 2023"]
[Site "https://www.chess.com"]
[Date "2023.12.19"]
[Round "3"]
[White "Korol, Dimitry"]
[Black "Andreev, Konstantin"]
[Result "1/2-1/2"]
[Board "149"]
[TimeControl "180+1"]
[WhiteFideId "14108003"]
[BlackFideId "24239305"]
[WhiteElo "2262"]
[BlackElo "2093"]
[WhiteTeam "UKR"]
[BlackTeam "ITA"]
[WhiteClock "0:00:36"]
[BlackClock "0:01:27"]

1. d4 Nf6 2. c4 e6 3. Nc3 Bb4 4. Qc2 O-O 5. e4 d5 6. cxd5 exd5 7. e5 Ne4 8. Bd3 c5 9. Ne2 Nc6 10. O-O cxd4 11. Nxd5 Qxd5 12. Bxe4 Qxe5 13. Bxh7+ Kh8 14. Bf4 Qf6 15. Be4 Bd7 16. Rad1 Rac8 17. Qd3 Bc5 18. a3 Rfd8 19. Qg3 Qe6 20. Qh4+ Kg8 21. Qh7+ Kf8 22. Qh8+ Ke7 23. Bg5+ Kd6 24. Bf4+ Ke7 25. Bg5+ Kd6 26. Bf4+ Ke7 1/2-1/2

[Event "December 19 Early 2023"]
[Site "https://www.chess.com"]
[Date "2023.12.19"]
[Round "3"]
[White "Belov, Alexei"]
[Black "Tarasova, Viktoriya"]
[Result "1-0"]
[Board "150"]
[TimeControl "180+1"]
[WhiteFideId "4128206"]
[BlackFideId "4175840"]
[WhiteElo "2577"]
[BlackElo "2182"]
[WhiteTeam "RUS"]
[BlackTeam "RUS"]
[WhiteClock "0:00:15"]
[BlackClock "0:00:00"]

1. e4 e5 2. Nf3 Nc6 3. Bb5 Nf6 4. O-O Nxe4 5. d4 Nd6 6. Bxc6 dxc6 7. dxe5 Nf5 8. Qxd8+ Kxd8 9. Rd1+ Ke8 10. Nc3 h6 11. b3 Be6 12. h3 Ne7 13. Nd4 Ng6 14. Bb2 Rd8 15. Nxe6 fxe6 16. Rxd8+ Kxd8 17. Rd1+ Kc8 18. Ne2 c5 19. c4 Be7 20. f4 Rd8 21. Rxd8+ Kxd8 22. Kf2 h5 23. g4 hxg4 24. hxg4 Bh4+ 25. Kf3 Ne7 26. Nc3 a6 27. Ne4 b6 28. Ng3 Bxg3 29. Kxg3 Ke8 30. Kh4 Kf7 31. Kg5 g6 32. Bc1 Nc6 33. Be3 a5 34. Bf2 Nd4 35. Kh4 Ne2 36. Be3 Nc3 37. a4 Na2 38. Bd2 Nb4 39. Bxb4 cxb4 40. Kg5 c6 41. f5 gxf5 42. gxf5 exf5 43. Kxf5 Ke7 44. e6 Ke8 45. Kf6 Kf8 46. e7+ Ke8 47. Ke6 b5 48. cxb5 cxb5 49. axb5 a4 50. b6 axb3 51. b7 1-0

[Event "December 19 Early 2023"]
[Site "https://www.chess.com"]
[Date "2023.12.19"]
[Round "3"]
[White "Zilleruelo Irizarry, Diego"]
[Black "Tao, Sihan"]
[Result "1/2-1/2"]
[Board "151"]
[TimeControl "180+1"]
[WhiteFideId "3101460"]
[BlackFideId "30982677"]
[WhiteElo "2009"]
[BlackElo "1943"]
[WhiteTeam "PUR"]
[BlackTeam "USA"]
[WhiteClock "0:00:09"]
[BlackClock "0:00:10"]

1. e4 c5 2. Nf3 d6 3. d4 cxd4 4. Qxd4 Nf6 5. Be2 Nc6 6. Qe3 g6 7. h3 Bg7 8. O-O O-O 9. Rd1 Bd7 10. Nc3 Qc7 11. a3 a6 12. Qg5 Rac8 13. Qh4 h5 14. Bg5 Rfe8 15. Rac1 Na5 16. Qf4 Be6 17. Nd5 Bxd5 18. exd5 Nc4 19. b3 Nxa3 20. c4 Nh7 21. Bh6 b5 22. Bxg7 Kxg7 23. cxb5 Qb6 24. bxa6 Nb5 25. Rxc8 Rxc8 26. Qb4 Rb8 27. Qxb5 Qxb5 28. Bxb5 Rxb5 29. Ra1 Rb8 30. a7 Ra8 31. b4 Nf6 32. b5 Nxd5 33. Nd4 Nb6 34. Nc6 Kf8 35. Ra6 Nd7 36. b6 Nc5 37. b7 Nxb7 38. Rb6 Rxa7 39. Nxa7 Nc5 40. Rb8+ Kg7 41. Nc6 Kf6 42. Re8 e6 43. Nd8 Nd7 44. Kf1 d5 45. Ke2 Ne5 46. f4 Nc4 47. g4 hxg4 48. hxg4 Nd6 49. Nc6 Kg7 50. Rd8 Ne4 51. Rd7 Nf6 52. Re7 Nxg4 53. Ne5 Nh6 54. Kf3 Kf6 55. Rd7 Kg7 56. Nc6 Kf6 57. Nd8 Kg7 58. Kg3 Kf6 59. Kh4 Nf5+ 60. Kg4 Nh6+ 61. Kf3 e5 62. Rxd5 exf4 63. Kxf4 Nf5 64. Rd1 Ne7 65. Nb7 Ke6 66. Nd8+ Kf6 67. Nb7 Ke6 68. Kg5 Nf5 69. Nd8+ Ke7 70. Nxf7 Kxf7 71. Rf1 Kg7 72. Re1 Kf7 73. Rf1 Ke6 74. Ra1 Kf7 75. Ra7+ Ne7 76. Rb7 Ke6 77. Rb6+ Kf7 78. Rb7 Ke6 79. Kh6 Kf7 80. Kg5 1/2-1/2

[Event "December 19 Early 2023"]
[Site "https://www.chess.com"]
[Date "2023.12.19"]
[Round "3"]
[White "Marinakis, Hristos"]
[Black "Loutragotis, Dimitrios"]
[Result "0-1"]
[Board "152"]
[TimeControl "180+1"]
[WhiteFideId "4294661"]
[BlackFideId "4268458"]
[WhiteElo "2307"]
[BlackElo "2151"]
[WhiteTeam "GRE"]
[BlackTeam "GRE"]
[WhiteClock "0:00:00"]
[BlackClock "0:01:15"]

1. e4 e6 2. d4 d5 3. e5 c5 4. c3 Nc6 5. Nf3 Bd7 6. Be2 Nge7 7. Na3 Ng6 8. Nc2 Be7 9. O-O O-O 10. Be3 cxd4 11. cxd4 Rc8 12. g3 Nb4 13. Nxb4 Bxb4 14. h4 Ne7 15. Bd3 Nf5 16. Bd2 Qb6 17. a3 Be7 18. Bg5 Bxg5 19. Nxg5 h6 20. Nf3 Bb5 21. Rb1 Bxd3 22. Qxd3 Rc6 23. g4 Ne7 24. a4 Rfc8 25. b3 Rc3 26. Qd1 Ng6 27. h5 Nf4 28. Ne1 Qxd4 0-1

[Event "December 19 Early 2023"]
[Site "https://www.chess.com"]
[Date "2023.12.19"]
[Round "3"]
[White "Martin, Lewis"]
[Black "Rodriguez Fontecha, Marcos"]
[Result "0-1"]
[Board "153"]
[TimeControl "180+1"]
[WhiteFideId "410551"]
[BlackFideId "2256576"]
[WhiteElo "2145"]
[BlackElo "2249"]
[WhiteTeam "ENG"]
[BlackTeam "ESP"]
[WhiteClock "0:00:10"]
[BlackClock "0:01:14"]

1. c4 c6 2. g3 d5 3. Nf3 Nf6 4. Bg2 a6 5. Na3 b5 6. cxb5 cxb5 7. O-O g6 8. b3 Bg7 9. Bb2 O-O 10. Rc1 Bb7 11. Nc2 Nc6 12. Ncd4 Rc8 13. Nxc6 Rxc6 14. Rxc6 Bxc6 15. Ne5 Bb7 16. Qc2 Qd6 17. Rc1 Rc8 18. Qb1 Nd7 19. Rxc8+ Bxc8 20. Nxd7 Bxd7 21. Bxg7 Kxg7 22. Qb2+ f6 23. Qd4 Be6 24. f4 Bf7 25. a4 e5 26. fxe5 fxe5 27. Qa7 bxa4 28. bxa4 Qc6 29. a5 Qb5 30. Qe3 d4 31. Qa3 Qxe2 32. Qe7 d3 33. Bf1 Qe4 34. Bg2 Qd4+ 35. Kf1 Kg8 36. Qf6 Qa1+ 37. Kf2 Qxa5 38. Be4 Qxd2+ 39. Kf3 Qe2# 0-1